 Dungeon Crawl Stone Soup version 0.24.1-5-g77f818bfca (webtiles) character file.

Game seed: 10041765334898154362, levelgen mode: deterministic

6152 nightchill the Basher (level 10, -10/66 HPs)
             Began as a Gargoyle Gladiator on Apr 26, 2020.
             Was a Priest of Okawaru.
             Mangled by a two-headed ogre
             ... wielding a +0 giant spiked club
              (16 damage)
             ... on level 8 of the Dungeon.
             The game lasted 00:32:06 (10697 turns).

nightchill the Basher (Gargoyle Gladiator)         Turns: 10697, Time: 00:32:07

Health: -10/66     AC: 15    Str: 19    XL:     10   Next: 90%
Magic:  0/14       EV: 14    Int: 11    God:    Okawaru [***...]
Gold:   619        SH:  5    Dex: 11    Spells: 9/9 levels left

rFire    . . .     SeeInvis .   N - +0 flail (crush)
rCold    . . .     Gourm    .   l - +0 buckler
rNeg     + . .     Faith    .   n - +0 ring mail
rPois    ∞         Spirit   +   c - +0 helmet
rElec    +         Reflect  .   q - scarf {Spirit}
rCorr    .         Harm     .   i - +0 pair of gloves
MR       .....                  (no boots)
Stlth    ++........             (no amulet)
HPRegen  0.21/turn              k - ring of flight
MPRegen  0.14/turn              (no ring)

@: heroism
A: negative energy resistance 1, electricity resistance, unbreathing,
petrification resistance, rot immunity, AC +7
a: Heroism, Renounce Religion, Evoke Flight


You were on level 8 of the Dungeon.
You worshipped Okawaru.
Okawaru was most pleased with you.
You were hungry.

You visited 1 branch of the dungeon, and saw 9 of its levels.

You collected 619 gold pieces.

Inventory:

Hand Weapons
 b - a +0 arbalest
 N - a +0 flail of crushing (weapon)
Missiles
 g - 116 sling bullets
 h - 290 stones
 j - 69 poisoned darts (quivered)
 A - a throwing net
 D - 21 bolts
Armour
 c - a +0 helmet (worn)
 i - a +0 pair of gloves (worn)
 l - a +0 buckler (worn)
 n - a +0 ring mail (worn)
 q - a scarf of spirit shield (worn)
Jewellery
 k - a ring of flight (left hand)
Wands
 a - a wand of enslavement (5)
 r - a wand of flame (11)
 y - a wand of paralysis (12)
Scrolls
 p - 6 scrolls of remove curse
 s - a scroll of enchant weapon {unknown}
 u - 2 scrolls of teleportation
 x - 2 scrolls of enchant armour {unknown}
 C - 2 scrolls of fog {unknown}
 E - a scroll of summoning {unknown}
 G - 2 scrolls of magic mapping {unknown}
 H - a scroll of amnesia {unknown}
Potions
 e - 2 potions of lignification
 o - 4 potions of curing
 v - a potion of haste
 z - a potion of resistance
 B - 2 potions of magic
 F - a potion of cancellation
 I - a potion of brilliance
 J - a potion of flight
Comestibles
 d - 6 chunks of flesh
 f - 23 rations


   Skills:
 + Level 9.6(14.6) Fighting
 * Level 12.2(17.2) Maces & Flails
 - Level 1.7(6.7) Throwing
 - Level 2.4(7.4) Dodging
 + Level 3.1(8.1) Shields
 + Level 6.0 Invocations


You had 9 spell levels left.
You didn't know any spells.
Your spell library contained the following spells:

 Spells                   Type           Power        Failure   Level  Hunger
 Sting                    Conj/Pois      #...         52%         1    ##.....
 Poisonous Vapours        Pois/Air       #.....       65%         2    ###....
 Mephitic Cloud           Conj/Pois/Air  #.......     87%         3    ####...
 Olgreb's Toxic Radiance  Pois           #.......     99%         4    #####..
 Venom Bolt               Conj/Pois      #.........   100%        5    ######.


Dungeon Overview and Level Annotations

Branches:
Dungeon (9/15)             Temple (0/1) D:7
   Lair: D:8-11         Orc: D:9-12

Altars:
Elyvilon
Okawaru
Qazlal
Sif Muna
Trog
Uskayaw
Zin
The Shining One

Shops:
D:5 :[   D:6 [

Annotations:
D:5 exclusion: downstairs
D:6 exclusion: downstairs
D:8 exclusion: downstairs


Innate Abilities, Weirdness & Mutations

You are resistant to torment.
Your stone body is resilient. (AC +7)
You are immune to poison.
You resist negative energy. (rN+)
You are resistant to electric shocks. (rElec)
You can survive without breathing.
You are immune to petrification.
You are immune to rotting.


Message History

The two-headed ogre is lightly wounded.
The two-headed ogre hits you with a +0 giant spiked club!
* * * LOW HITPOINT WARNING * * *
The two-headed ogre completely misses you.
You hit the two-headed ogre.
The two-headed ogre is lightly wounded.
You block the orc warrior's attack.
You sock the two-headed ogre!
The two-headed ogre is severely wounded.
The two-headed ogre closely misses you.
The two-headed ogre hits you with a +0 giant club!
* * * LOW HITPOINT WARNING * * *
You sock the two-headed ogre!
The two-headed ogre is almost dead.
The orc warrior hits you but does no damage.
You hit the two-headed ogre.
The two-headed ogre is almost dead.
The two-headed ogre hits you but does no damage.
The two-headed ogre hits you with a +0 giant club!
You die...

###....### #.....## ###...
##...#### #.....# #.....
....### ##....## ##.....
......# #....## #...... .....##
#....# ##...... .....# #...##
##....... ....## #...#
#......^. .#### ##o.##
##.......( ..## #@..#
#......... #..## ##O.##
#......... ##..###### ##...#
##......... ###..#...#####....#
#.......... #
##.........#....#####..........
#
##.................#..........
# ##...........................
# ##..........>...............
# ##............###..........


You could see a two-headed ogre and an orc warrior.

Vanquished Creatures
  Harold (D:7)
  A two-headed ogre (D:8)
  Pikel (D:6)
  Joseph (D:7)
  Prince Ribbit (D:7)
  Sigmund (D:3)
  A spriggan (D:7)
  2 water moccasins (D:5)
  Duvessa (D:6)
  3 sky beasts
  A slave (D:6)
  2 orc warriors
  4 ogres
  A centaur (D:7)
  A big kobold (D:8)
  5 bullfrogs
  Blork the orc (D:6)
  A gnoll sergeant (D:8)
  Dowan (D:6)
  A wyvern skeleton (D:8)
  9 killer bees
  2 howler monkeys
  6 wights
  A bullfrog zombie (D:7)
  A crimson imp (D:8)
  A jelly (D:7)
  3 centaur skeletons
  A bullfrog skeleton (D:5)
  2 orc priests
  3 hounds
  5 orc wizards
  2 iguanas
  Natasha (thrice) (D:2)
  6 worker ants
  A hound skeleton (D:5)
  Robin (D:3)
  3 gnolls (D:8)
  A howler monkey skeleton (D:8)
  12 adders
  2 shadow imps (D:9)
  An adder zombie (D:3)
  An adder skeleton (D:4)
  3 worms
  7 leopard geckos
  21 orcs
  A ball python (D:3)
  4 giant cockroaches
  9 goblins
  9 hobgoblins
  4 jackals (D:8)
  6 bats
  8 frilled lizards
  10 kobolds
  A leopard gecko skeleton (D:4)
  A quokka zombie (D:7)
  13 rats
195 creatures vanquished.

Vanquished Creatures (others)
  2 slaves (D:6)
  An adder (D:6)
  A shadow imp (D:6)
4 creatures vanquished.

Grand Total: 199 creatures vanquished

Notes
Turn   | Place    | Note
-------+----------+-------------------------------------------
     0 | D:1      | nightchill the Gargoyle Gladiator began the quest for the
                  | Orb.
     0 | D:1      | Reached XP level 1. HP: 12/12 MP: 1/1
   264 | D:1      | Reached XP level 2. HP: 18/18 MP: 2/2
  1018 | D:2      | Reached XP level 3. HP: 16/22 MP: 3/3
  1120 | D:2      | Reached skill level 4 in Maces & Flails
  1356 | D:2      | Reached XP level 4. HP: 11/28 MP: 4/4
  1672 | D:2      | Noticed Natasha
  1687 | D:2      | Killed Natasha
  1744 | D:2      | Found a bloodstained altar of Trog.
  1804 | D:2      | Noticed Natasha
  1822 | D:2      | Killed Natasha
  1822 | D:2      | Reached skill level 5 in Maces & Flails
  1822 | D:2      | Reached XP level 5. HP: 13/33 MP: 5/5
  2460 | D:2      | Noticed Natasha
  2468 | D:2      | Killed Natasha
  2635 | D:3      | Noticed Sigmund
  2661 | D:3      | Killed Sigmund
  2661 | D:3      | Reached skill level 6 in Maces & Flails
  2661 | D:3      | Reached XP level 6. HP: 34/39 MP: 4/6
  3000 | D:3      | Noticed Robin
  3018 | D:3      | Killed Robin
  3081 | D:3      | Found a stormy altar of Qazlal.
  3477 | D:4      | Reached XP level 7. HP: 25/44 MP: 4/7
  3642 | D:4      | Found a hide-covered altar of Uskayaw.
  3666 | D:4      | Reached skill level 5 in Fighting
  3985 | D:4      | Reached skill level 7 in Maces & Flails
  4328 | D:5      | Entered Level 5 of the Dungeon
  4544 | D:5      | Found Raryid's Book Shop.
  4697 | D:5      | Found Dulileev's Antique Armour Emporium.
  5098 | D:5      | Reached XP level 8. HP: 24/51 MP: 4/8
  5114 | D:5      | Reached skill level 8 in Maces & Flails
  5566 | D:6      | Noticed Duvessa
  5566 | D:6      | Noticed Dowan
  5703 | D:6      | Found Meqan's Antique Armour Shop.
  5761 | D:6      | Noticed Pikel
  5796 | D:6      | Killed Pikel
  5796 | D:6      | Reached skill level 9 in Maces & Flails
  5892 | D:6      | Noticed Blork the orc
  5912 | D:6      | Killed Blork the orc
  6045 | D:6      | Reached XP level 9. HP: 57/57 MP: 9/9
  6209 | D:6      | Found a stormy altar of Qazlal.
  6209 | D:6      | Found an iron altar of Okawaru.
  6213 | D:6      | Became a worshipper of Warmaster Okawaru
  6398 | D:6      | Killed Duvessa
  6406 | D:6      | Killed Dowan
  6406 | D:6      | Reached skill level 1 in Invocations
  6654 | D:7      | Noticed Harold
  6756 | D:7      | Noticed Joseph
  6790 | D:7      | Killed Joseph
  6790 | D:7      | Reached skill level 10 in Maces & Flails
  7128 | D:7      | Reached * piety under Okawaru
  7605 | D:7      | Found a staircase to the Ecumenical Temple.
  7609 | D:7      | Noticed Prince Ribbit
  7618 | D:7      | Killed Prince Ribbit
  7646 | D:7      | Killed Harold
  7646 | D:7      | Reached ** piety under Okawaru
  7646 | D:7      | Reached skill level 11 in Maces & Flails
  7646 | D:7      | Reached XP level 10. HP: 21/65 MP: 4/13
  7940 | D:6      | Reached *** piety under Okawaru
  8155 | D:7      | Found a white marble altar of Elyvilon.
  8241 | D:7      | Found a glowing silver altar of Zin.
  8243 | D:7      | Found a glowing golden altar of the Shining One.
  8719 | D:7      | Found a shimmering blue altar of Sif Muna.
  9127 | D:8      | Reached skill level 5 in Invocations
  9156 | D:8      | Reached skill level 1 in Shields
  9430 | D:8      | Found a stormy altar of Qazlal.
  9909 | D:8      | Noticed a two-headed ogre
  9923 | D:8      | Killed a two-headed ogre
 10317 | D:9      | Reached skill level 12 in Maces & Flails
 10418 | D:9      | Received a gift from Okawaru
 10678 | D:9      | Noticed a two-headed ogre
 10697 | D:8      | Mangled by a two-headed ogre

Levels and vault maps discovered:
D:1:      dpeg_arrival_concentric_ovals, layout_rooms
D:2:      layout_loops_corners, trog_book, uniq_natasha
D:3:      layout_loops_ring, grunt_qazlal_clouds, uniq_sigmund, uniq_robin
D:4:      layout_basic, nicolae_overflow_crystal_walls
D:5:      minmay_recursive_quarters, layout_loops_corners, first_ration,
          serial_shops, nicolae_shop_trees, shop
D:6:      layout_loops_ring, gammafunk_temple_overflow_wave, serial_shops, shop,
          serial_rivers, chequers_serial_rivers_marsh,
          chequers_serial_rivers_micro_c, chequers_serial_rivers_micro_e,
          chequers_serial_rivers_small_3, uniq_pikel, uniq_blork_the_orc,
          uniq_duvessa
D:7:      layout_loops_ring, good_gods_temple_1, lemuel_blue_sif_altar,
          temple_fountains, the_bakery, patterned_corridor, uniq_joseph,
          uniq_harold, uniq_prince_ribbit1
D:8:      layout_cave_pods, basic_altar, kennysheep_generic_room_15
D:9:      layout_loops_ring, gammafunk_temple_overflow_pools, orc_0_dummy,
          minmay_ruined_shrine

Skill      XL: |  1  2  3  4  5  6  7  8  9 10 |
---------------+-------------------------------+-----
Maces & Flails | 4 5 6 7 9 11 12 | 12.2
Fighting       | 3 4 5 7 8 9 |  9.6
Invocations    | 4 6 |  6.0
Shields        | 3 |  3.1
Throwing       | |  1.7
Dodging        | |  2.4

Action                   |  1- 3 |  4- 6 |  7- 9 | 10-12 || total
-------------------------+-------+-------+-------+-------++-------
Melee: Flail             |   126 |   153 |   365 |   358 ||  1002
       Punch             |       |       |     1 |     3 ||     4
 Fire: Arbalest          |       |       |     1 |       ||     1
Throw: Throwing net      |       |     2 |     3 |       ||     5
       Dart              |       |       |     7 |     2 ||     9
Invok: Heroism           |       |       |     2 |     8 ||    10
Evoke: Wand              |       |       |     5 |       ||     5
  Use: Scroll            |     3 |       |     4 |     6 ||    13
       Potion            |       |       |     2 |     1 ||     3
 Stab: Sleeping          |     1 |       |       |       ||     1
  Eat: Chunk             |     1 |     7 |    10 |    10 ||    28
       Ration            |       |       |     1 |       ||     1
Armor: Leather armour    |    27 |       |       |       ||    27
       Ring mail         |    33 |    66 |   167 |   124 ||   390
Dodge: Dodged            |    83 |    60 |   197 |   158 ||   498
Block: Buckler           |       |       |       |    23 ||    23
